 Dungeon Sprint DCSS version 0.17-a0-1719-g1afd5a1 (webtiles) character file.

19800000 ztt the Plane Walker (level 27, -153/273 HPs)
             Began as a Ghoul Warper on Aug 27, 2015.
             Was the Champion of Makhleb.
             Annihilated by a fleshlord
             ... wielding a +9 great mace
              (426 damage)
             ... in the Dungeon (Sprint VIII: "Arena of Blood").
             The game lasted 00:05:12 (198 turns).

ztt the Plane Walker (Ghoul Warper)                  Turns: 198, Time: 00:05:12

Health: -153/273   AC:  6    Str: 21    XL:     27
Magic:  53/53      EV: 30    Int:  8    God:    Makhleb [******]
Gold:   0          SH:  0    Dex: 15    Spells: 1 memorised, 79 levels left

rFire  + . .     SeeInvis +     l - +∞ Axe of Woe
rCold  + . .     Clarity  .     b - +0 leather armour
rNeg   + + +     SustAt   .     (no shield)
rPois  ∞         Gourm    .     (no helmet)
rElec  .         Spirit   .     (no cloak)
rCorr  .         Warding  .     (no gloves)
rMut   .         NoTele   +     (no boots)
MR     ++...                    (no amulet)
Stlth  +++++++++.               o - ring of protection from fire
                                n - ring of see invisible

@: rotting, slowed, very slow, very resistant to hostile enchantments,
incredibly stealthy
A: rotting body, claws 1, carnivore 3, cold resistance 1, negative energy
resistance 3, slow healing 1, torment resistance, unbreathing
a: Minor Destruction, Lesser Servant of Makhleb, Major Destruction, Greater
Servant of Makhleb, Renounce Religion


You were in the Dungeon.
You worshipped Makhleb.
Makhleb was exalted by your worship.
You were not hungry.

You visited 1 branch

Inventory:

Hand weapons
 a - a +0 hand axe
 l - the +∞ Axe of Woe (weapon)
   (You found it in the Dungeon)
Missiles
 e - 5 tomahawks of dispersal (quivered)
Armour
 b - a +0 leather armour (worn)
Jewellery
 m - a +250 ring of slaying
 n - a ring of see invisible (left claw)
 o - a ring of protection from fire (right claw)
Scrolls
 d - 2 scrolls of blinking
Potions
 g - a potion of curing
 h - a potion of heal wounds
 i - a potion of haste
 j - 2 potions of magic
 k - a potion of berserk rage
Books
 c - a book of Spatial Translocations

   Spells                             Type                      Level
   a - Apportation                    Translocation                1
   b - Blink                          Translocation                2
   c - Shroud of Golubria             Charms/Translocation         2
   d - Portal Projectile              Translocation                3
   e - Teleport Other                 Translocation                3
   f - Passage of Golubria            Translocation                4
Comestibles
 f - a meat ration


   Skills:
 O Level 27 Fighting
 O Level 27 Axes
 O Level 27 Throwing
 O Level 27 Armour
 O Level 27 Dodging
 O Level 27 Stealth
 O Level 27 Unarmed Combat
 O Level 27 Spellcasting
 O Level 27 Translocations
 O Level 27 Invocations


You had 79 spell levels left.
You knew the following spells:

 Your Spells              Type           Power        Failure   Level  Hunger
a - Apportation           Tloc           ######....   0%          1    None


Dungeon Overview and Level Annotations

Branches:
Dungeon (1/1)

Altars:
Makhleb


Innate Abilities, Weirdness & Mutations

Your body is rotting away.
You thrive on raw meat.
You are immune to poison.
You have sharp fingernails.
You are carnivorous and can eat meat at any time.
Your flesh is cold resistant.
You are immune to negative energy.
You heal slowly when monsters are visible.
You are immune to unholy pain and torment.
You can survive without breathing.


Message History

Makhleb accepts your kill.
You lop one of the eight-headed meat hydra's heads off!
The seven-headed meat hydra grows two more!
You slice the nine-headed meat hydra!!
You slaughter the nine-headed meat hydra joyfully.
You kill the nine-headed meat hydra!
Makhleb accepts your kill.
You slice the fleshlord!!
You hew the fleshlord savagely.
You kill the fleshlord!
Makhleb accepts your kill.
You hear a shout! x2
The bag of meat is engulfed in poison gas.
You hear a shout!
The fleshlord looks even sicker.
You hear a shout!
The fleshlord is engulfed in poison gas.
The fleshlord looks even sicker.
The fleshlord hits you with a +9 great mace!!!!!!
Ouch! That really hurt!
You die...

#.... #.%..o . #...Cz
##.X #%...o###XXM.
#%...#..S.Xo.
#..WWo§§.#o.. ..
#.%.§§oS..#X. #.
#..§§§§§p..L. #.
#%.)@pp§%W#.. .###.
#..)§#.SXp... .....
#))).##.....% .....
#))...#.....# .....#
#.)....###... .....#
#))...##....# .....#
#))).#........#...§..
#.)).#...............
#..))))..........###.


You could see an accursed, 2 tentacled monstrosities, a tyrant, 3 scourges, 4
fleshlords, a sculptor of flesh, a large bag of meat (inner flame), 3 large
abominations, 2 wretched souls, a dread and 6 bags of meat.

Vanquished Creatures
  11 hell knights (D)
  11 hell beasts (D)
  4 greater mummies (D)
  14 great orbs of eyes (D)
  9 wraiths (D)
  Harold (D)
  16 vampire knights (D)
  35 ogres (D)
  8 liches (D)
  10 hydras (D)
  68 orcs (D)
  9 phantoms (D)
  6 hill giants (D)
  12 skeletal warriors (D)
  8 sea snakes (D)
  9 large abominations (D)
  10 small abominations (D)
  12 crawling corpses (D)
253 creatures vanquished.

Vanquished Creatures (others)
  2 crawling corpses (D)
2 creatures vanquished.

Grand Total: 255 creatures vanquished

Notes
Turn   | Place    | Note
--------------------------------------------------------------
     0 | D        | ztt the Ghoul Warper began the quest for the Orb.
     0 | D        | Reached XP level 1. HP: 17/17 MP: 2/2
     3 | D        | Noticed a bag of meat
     4 | D        | Noticed a bag of meat
     4 | D        | Became a worshipper of Makhleb the Destroyer
     5 | D        | Noticed a bag of meat
     6 | D        | Noticed a bag of meat
     8 | D        | Noticed a meat berserker
     8 | D        | Killed a bag of meat
     8 | D        | Reached skill level 11 in Fighting
     8 | D        | Reached skill level 10 in Spellcasting
     8 | D        | Reached skill level 17 in Translocations
     8 | D        | Reached XP level 2. HP: 20/40 MP: 2/12
     8 | D        | Reached XP level 3. HP: 23/47 MP: 2/13
     8 | D        | Reached XP level 4. HP: 26/55 MP: 2/15
     8 | D        | Reached XP level 5. HP: 28/60 MP: 2/16
     8 | D        | Reached XP level 6. HP: 31/68 MP: 2/18
     8 | D        | Reached XP level 7. HP: 33/74 MP: 2/19
     8 | D        | Reached XP level 8. HP: 36/82 MP: 2/21
     8 | D        | Reached XP level 9. HP: 39/89 MP: 2/22
     8 | D        | Reached XP level 10. HP: 41/95 MP: 2/23
     8 | D        | Reached XP level 11. HP: 44/102 MP: 2/24
     8 | D        | Reached XP level 12. HP: 47/110 MP: 2/25
     9 | D        | Noticed a bag of meat
     9 | D        | Killed a bag of meat
     9 | D        | Acquired Makhleb's first power
     9 | D        | Reached skill level 20 in Translocations
     9 | D        | Reached XP level 13. HP: 29/119 MP: 2/27
    10 | D        | Noticed a meat berserker
    10 | D        | Noticed a meat berserker
    11 | D        | Noticed a meat berserker
    11 | D        | Killed a bag of meat
    11 | D        | Reached skill level 21 in Translocations
    11 | D        | Reached XP level 14. HP: 19/132 MP: 2/29
    11 | D        | Killed a bag of meat
    11 | D        | Acquired Makhleb's second power
    11 | D        | Reached skill level 23 in Translocations
    11 | D        | Noticed a bag of meat
    12 | D        | Killed a meat berserker
    12 | D        | Reached skill level 5 in Throwing
    12 | D        | Reached skill level 5 in Armour
    12 | D        | Reached skill level 15 in Spellcasting
    12 | D        | Reached skill level 25 in Translocations
    12 | D        | Reached XP level 15. HP: 18/145 MP: 3/33
    12 | D        | Killed a meat berserker
    12 | D        | Acquired Makhleb's third power
    12 | D        | Reached skill level 15 in Dodging
    12 | D        | Reached skill level 27 in Translocations
    12 | D        | Reached XP level 16. HP: 18/157 MP: 3/35
    13 | D        | Noticed a meat berserker
    13 | D        | Killed a meat berserker
    13 | D        | Reached XP level 17. HP: 98/170 MP: 3/38
    13 | D        | Killed a bag of meat
    14 | D        | Noticed a bag of meat
    14 | D        | Noticed a bag of meat
    14 | D        | Killed a meat berserker
    14 | D        | Acquired Makhleb's fourth power
    14 | D        | Reached XP level 18. HP: 181/187 MP: 3/40
    15 | D        | Noticed a destroyer
    15 | D        | Noticed a meat berserker
    15 | D        | Noticed a meat berserker
    16 | D        | Killed a bag of meat
    16 | D        | Killed a meat berserker
    16 | D        | Acquired Makhleb's fifth power
    17 | D        | Noticed a meat berserker
    17 | D        | Noticed a meat berserker
    17 | D        | Noticed a meat berserker
    18 | D        | Killed a meat berserker
    18 | D        | Reached skill level 10 in Throwing
    18 | D        | Reached XP level 19. HP: 198/205 MP: 4/44
    19 | D        | Noticed a bag of meat
    19 | D        | Noticed a bag of meat
    19 | D        | Killed a meat berserker
    19 | D        | Reached skill level 27 in Fighting
    19 | D        | Reached skill level 10 in Armour
    20 | D        | Noticed a large bag of meat
    20 | D        | Killed a large bag of meat
    20 | D        | Reached skill level 27 in Axes
    21 | D        | Noticed a bag of meat
    21 | D        | Killed a meat berserker
    21 | D        | Reached XP level 20. HP: 216/216 MP: 5/48
    22 | D        | Killed a meat berserker
    22 | D        | Reached skill level 27 in Dodging
    22 | D        | Reached skill level 27 in Spellcasting
    23 | D        | Noticed a meat berserker
    24 | D        | Killed a destroyer
    24 | D        | Reached XP level 21. HP: 224/224 MP: 6/51
    24 | D        | Killed a bag of meat
    25 | D        | Noticed a bag of meat
    25 | D        | Killed a bag of meat
    25 | D        | Killed a meat berserker
    25 | D        | Reached XP level 22. HP: 233/233 MP: 6/52
    26 | D        | Noticed a bag of meat
    26 | D        | Noticed a destroyer
    26 | D        | Noticed a destroyer
    26 | D        | Killed a bag of meat
    26 | D        | Noticed a destroyer
    27 | D        | Noticed a large bag of meat
    28 | D        | Noticed a bag of meat
    28 | D        | Killed a meat berserker
    28 | D        | Reached skill level 27 in Throwing
    28 | D        | Reached skill level 27 in Armour
    28 | D        | Killed a bag of meat
    28 | D        | Reached skill level 10 in Stealth
    30 | D        | Noticed a destroyer
    30 | D        | Killed a bag of meat
    30 | D        | Killed a large bag of meat
    30 | D        | Killed a destroyer
    30 | D        | Reached XP level 23. HP: 186/240 MP: 7/53
    31 | D        | Noticed a bag of meat
    31 | D        | Noticed a bag of meat
    31 | D        | Noticed The Servant
    32 | D        | Noticed a destroyer
    32 | D        | Noticed a bag of meat
    32 | D        | Noticed a sculptor of flesh
    32 | D        | Noticed a destroyer
    32 | D        | Noticed a meat berserker
    32 | D        | Noticed a sculptor of flesh
    32 | D        | Noticed a sculptor of flesh
    32 | D        | Killed a destroyer
    32 | D        | Killed a bag of meat
    33 | D        | Killed a destroyer
    33 | D        | Reached skill level 27 in Stealth
    33 | D        | Reached skill level 27 in Unarmed Combat
    33 | D        | Reached skill level 27 in Invocations
    33 | D        | Reached XP level 24. HP: 249/249 MP: 8/53
    33 | D        | Killed a bag of meat
    34 | D        | Noticed a destroyer
    34 | D        | Noticed a bag of meat
    35 | D        | Noticed a bag of meat
    36 | D        | Killed a bag of meat
    36 | D        | Killed a bag of meat
    36 | D        | Killed a destroyer
    36 | D        | Reached XP level 25. HP: 252/257 MP: 9/53
    36 | D        | Killed a meat berserker
    36 | D        | Killed a sculptor of flesh
    38 | D        | Noticed a destroyer
    38 | D        | Killed The Servant
    38 | D        | Killed a bag of meat
    38 | D        | Reached XP level 26. HP: 266/266 MP: 10/53
    38 | D        | Killed a destroyer
    40 | D        | Killed a destroyer
    40 | D        | Killed a bag of meat
    41 | D        | Noticed a meat berserker
    41 | D        | Killed a bag of meat
    41 | D        | Reached XP level 27. HP: 273/273 MP: 10/53
    41 | D        | Killed a destroyer
    41 | D        | Killed a bag of meat
    41 | D        | Killed a destroyer
    45 | D        | Noticed a meat berserker
    45 | D        | Killed a sculptor of flesh
    47 | D        | Noticed a meat berserker
    48 | D        | Killed a meat berserker
    49 | D        | Noticed a destroyer
    49 | D        | Killed a sculptor of flesh
    51 | D        | Killed a meat berserker
    51 | D        | Killed a meat berserker
    52 | D        | Noticed a destroyer
    53 | D        | Noticed a destroyer
    53 | D        | Noticed an accursed
    54 | D        | Noticed a large bag of meat
    54 | D        | Killed an accursed
    56 | D        | Noticed a meat berserker
    56 | D        | Noticed an accursed
    57 | D        | Noticed a bag of meat
    57 | D        | Noticed an eight-headed meat hydra
    57 | D        | Killed a destroyer
    58 | D        | Noticed a sculptor of flesh
    58 | D        | Noticed a bag of meat
    58 | D        | Noticed a bag of meat
    58 | D        | Noticed a bag of meat
    59 | D        | Noticed a bag of meat
    59 | D        | Noticed an accursed
    59 | D        | Killed a destroyer
    59 | D        | Killed an accursed
    60 | D        | Noticed a sculptor of flesh
    60 | D        | Killed a large bag of meat
    61 | D        | Noticed a large bag of meat
    61 | D        | Killed a meat berserker
    63 | D        | Noticed a sculptor of flesh
    63 | D        | Noticed a tyrant
    63 | D        | Noticed a sculptor of flesh
    65 | D        | Noticed a bag of meat
    65 | D        | Noticed a bag of meat
    65 | D        | Noticed a bag of meat
    66 | D        | Noticed a bag of meat
    66 | D        | Killed a tyrant
    67 | D        | Killed an accursed
    67 | D        | Killed a destroyer
    68 | D        | Killed a large bag of meat
    69 | D        | Killed a bag of meat
    69 | D        | Killed a bag of meat
    69 | D        | Killed a bag of meat
    70 | D        | Noticed a tyrant
    72 | D        | Noticed a meat berserker
    72 | D        | Noticed a meat beast
    74 | D        | Noticed a bag of meat
    74 | D        | Noticed a meat beast
    74 | D        | Killed a meat beast
    74 | D        | Killed a meat berserker
    75 | D        | Noticed a meat berserker
    75 | D        | Noticed a meat berserker
    76 | D        | Noticed a bag of meat
    76 | D        | Noticed a wretched soul
    77 | D        | Killed a sculptor of flesh
    77 | D        | Killed a sculptor of flesh
    77 | D        | Killed a meat beast
    78 | D        | Killed a bag of meat
    78 | D        | Killed a meat berserker
    79 | D        | Noticed a dread
    81 | D        | Killed a bag of meat
    81 | D        | Killed a meat berserker
    81 | D        | Killed a bag of meat
    81 | D        | Killed a bag of meat
    82 | D        | Killed a bag of meat
    82 | D        | Killed a wretched soul
    84 | D        | Noticed a wretched soul
    84 | D        | Noticed a wretched soul
    86 | D        | Noticed a meat berserker
    87 | D        | Noticed a bag of meat
    87 | D        | Noticed a bag of meat
    88 | D        | Noticed a meat berserker
    88 | D        | Noticed a sculptor of flesh
    88 | D        | Killed a wretched soul
    88 | D        | Killed a wretched soul
    88 | D        | Killed a bag of meat
    89 | D        | Noticed a bag of meat
    89 | D        | Noticed a meat berserker
    89 | D        | Noticed a bag of meat
    89 | D        | Noticed a meat berserker
    90 | D        | Noticed an observer
    90 | D        | Killed a nine-headed meat hydra
    90 | D        | Noticed a meat beast
    90 | D        | Noticed a bag of meat
    91 | D        | Noticed a meat berserker
    91 | D        | Noticed a bag of meat
    91 | D        | Killed a meat berserker
    92 | D        | Noticed a bag of meat
    93 | D        | Noticed a bag of meat
    93 | D        | Noticed a bag of meat
    94 | D        | Noticed a destroyer
    94 | D        | Noticed a meat berserker
    94 | D        | Noticed a meat berserker
    94 | D        | Killed a bag of meat
    94 | D        | Killed a meat berserker
    95 | D        | Killed a bag of meat
    95 | D        | Killed a tyrant
    95 | D        | Killed a meat berserker
    95 | D        | Killed a meat berserker
    95 | D        | Killed a meat beast
    96 | D        | Noticed an observer
    96 | D        | Killed a meat berserker
    97 | D        | Noticed a meat berserker
    97 | D        | Noticed a bag of meat
    98 | D        | Noticed a tyrant
    98 | D        | Noticed an observer
    99 | D        | Noticed a bag of meat
    99 | D        | Noticed a tyrant
    99 | D        | Killed a sculptor of flesh
    99 | D        | Killed a destroyer
    99 | D        | Killed a bag of meat
    99 | D        | Killed a bag of meat
    99 | D        | Killed a sculptor of flesh
   100 | D        | Noticed a meat berserker
   100 | D        | Noticed a tyrant
   100 | D        | Killed a meat berserker
   100 | D        | Killed a bag of meat
   100 | D        | Noticed a bag of meat
   101 | D        | Noticed a bag of meat
   101 | D        | Killed a sculptor of flesh
   102 | D        | Noticed a tyrant
   102 | D        | Killed an observer
   102 | D        | Killed a bag of meat
   102 | D        | Killed a meat berserker
   102 | D        | Killed an observer
   103 | D        | Noticed a meat beast
   103 | D        | Noticed a bag of meat
   104 | D        | Noticed a meat berserker
   104 | D        | Noticed a meat beast
   104 | D        | Killed a bag of meat
   104 | D        | Killed a bag of meat
   104 | D        | Killed a bag of meat
   105 | D        | Noticed a bag of meat
   105 | D        | Killed an observer
   105 | D        | Killed a meat berserker
   106 | D        | Killed a bag of meat
   107 | D        | Noticed a large bag of meat
   107 | D        | Noticed an observer
   107 | D        | Killed a meat beast
   107 | D        | Killed a tyrant
   108 | D        | Noticed a wretched soul
   108 | D        | Killed a bag of meat
   109 | D        | Killed a bag of meat
   110 | D        | Noticed a tyrant
   110 | D        | Killed a meat berserker
   111 | D        | Noticed a bag of meat
   111 | D        | Noticed a bag of meat
   112 | D        | Killed a meat beast
   112 | D        | Killed a tyrant
   113 | D        | Killed a tyrant
   113 | D        | Killed a meat berserker
   114 | D        | Noticed a wretched soul
   114 | D        | Noticed a bag of meat
   115 | D        | Noticed a bag of meat
   115 | D        | Noticed a sculptor of flesh
   115 | D        | Noticed a meat beast
   115 | D        | Killed a large bag of meat
   115 | D        | Killed a bag of meat
   115 | D        | Killed a bag of meat
   116 | D        | Noticed a meat beast
   116 | D        | Killed a bag of meat
   117 | D        | Noticed a wretched soul
   118 | D        | Noticed a meat beast
   118 | D        | Killed a meat beast
   118 | D        | Killed a bag of meat
   119 | D        | Noticed a bag of meat
   119 | D        | Noticed a dread
   119 | D        | Noticed an accursed
   120 | D        | Noticed a meat berserker
   120 | D        | Killed a bag of meat
   120 | D        | Killed a meat beast
   120 | D        | Killed a meat beast
   120 | D        | Killed an observer
   122 | D        | Noticed an observer
   122 | D        | Killed a wretched soul
   122 | D        | Killed a tyrant
   122 | D        | Killed a bag of meat
   123 | D        | Noticed a bag of meat
   123 | D        | Killed a bag of meat
   123 | D        | Killed a bag of meat
   123 | D        | Killed a meat berserker
   125 | D        | Killed a sculptor of flesh
   126 | D        | Noticed a dread
   126 | D        | Killed a tyrant
   127 | D        | Killed a dread
   128 | D        | Noticed a tyrant
   128 | D        | Killed a wretched soul
   128 | D        | Killed a wretched soul
   129 | D        | Noticed a fleshlord
   129 | D        | Noticed a fleshlord
   129 | D        | Killed a bag of meat
   129 | D        | Killed a bag of meat
   129 | D        | Killed a bag of meat
   130 | D        | Noticed a fleshlord
   130 | D        | Killed an observer
   131 | D        | Noticed a dread
   131 | D        | Killed an accursed
   132 | D        | Noticed a fleshlord
   133 | D        | Killed a dread
   133 | D        | Noticed a destroyer
   135 | D        | Noticed a bag of meat
   136 | D        | Killed a fleshlord
   136 | D        | Killed a tyrant
   136 | D        | HP: 7/273 [fleshlord/+9 great mace (216)]
   137 | D        | Killed a fleshlord
   138 | D        | Noticed a bag of meat
   138 | D        | Noticed a sculptor of flesh
   138 | D        | Killed a fleshlord
   139 | D        | Noticed a bag of meat
   140 | D        | Noticed a bag of meat
   140 | D        | Killed a bag of meat
   141 | D        | Killed a fleshlord
   141 | D        | Killed a dread
   142 | D        | Killed a sculptor of flesh
   143 | D        | Killed a bag of meat
   144 | D        | Noticed an observer
   144 | D        | Noticed an observer
   144 | D        | Killed a destroyer
   145 | D        | Killed a bag of meat
   146 | D        | Noticed a destroyer
   147 | D        | Noticed a wretched soul
   147 | D        | Killed an observer
   148 | D        | Noticed a meat beast
   149 | D        | Noticed a fleshlord
   149 | D        | Killed an observer
   149 | D        | Killed a destroyer
   152 | D        | Killed a wretched soul
   153 | D        | Noticed a dread
   153 | D        | Killed a fleshlord
   154 | D        | Noticed a meat berserker
   155 | D        | Noticed a bag of meat
   155 | D        | Noticed a bag of meat
   155 | D        | Noticed a fleshlord
   156 | D        | Noticed a dread
   156 | D        | Killed a dread
   157 | D        | Noticed a bag of meat
   157 | D        | Killed a meat berserker
   158 | D        | Noticed a bag of meat
   158 | D        | Killed a bag of meat
   159 | D        | Killed a bag of meat
   161 | D        | Noticed a dread
   161 | D        | Killed a bag of meat
   161 | D        | Killed a bag of meat
   162 | D        | Killed a fleshlord
   163 | D        | Killed a bag of meat
   164 | D        | Noticed a bag of meat
   165 | D        | Noticed a meat berserker
   165 | D        | Killed a dread
   165 | D        | Noticed a meat beast
   166 | D        | Noticed a bag of meat
   166 | D        | Noticed an observer
   166 | D        | Noticed a bag of meat
   166 | D        | Noticed a bag of meat
   167 | D        | Noticed a bag of meat
   167 | D        | Killed a dread
   168 | D        | Noticed a wretched soul
   168 | D        | Killed a meat berserker
   168 | D        | Killed a wretched soul
   168 | D        | Killed a meat beast
   169 | D        | Noticed a bag of meat
   169 | D        | Noticed a bag of meat
   169 | D        | Killed a bag of meat
   169 | D        | Noticed an observer
   171 | D        | Noticed a fleshlord
   171 | D        | Killed an observer
   171 | D        | Killed a bag of meat
   171 | D        | Killed a bag of meat
   172 | D        | Noticed a dread
   172 | D        | Killed a bag of meat
   172 | D        | Killed a bag of meat
   174 | D        | Noticed a fleshlord
   174 | D        | Killed a bag of meat
   174 | D        | Killed a bag of meat
   175 | D        | Killed a dread
   175 | D        | Killed an observer
   176 | D        | Killed a fleshlord
   177 | D        | Noticed a meat berserker
   177 | D        | Noticed a dread
   179 | D        | Noticed a bag of meat
   179 | D        | Killed a fleshlord
   180 | D        | Noticed a bag of meat
   180 | D        | Noticed a meat beast
   180 | D        | Noticed an observer
   180 | D        | Killed a dread
   180 | D        | Killed a meat berserker
   181 | D        | Noticed a bag of meat
   181 | D        | Noticed a dread
   182 | D        | Noticed a sculptor of flesh
   182 | D        | Killed a meat beast
   183 | D        | Noticed an observer
   184 | D        | Killed a bag of meat
   185 | D        | Killed a bag of meat
   185 | D        | Killed a sculptor of flesh
   186 | D        | Killed an observer
   187 | D        | Killed a dread
   188 | D        | Noticed a fleshlord
   188 | D        | Noticed a sculptor of flesh
   189 | D        | Noticed an observer
   189 | D        | Killed an observer
   190 | D        | Noticed a large bag of meat
   190 | D        | Noticed a meat berserker
   190 | D        | Noticed a dread
   190 | D        | Noticed a fleshlord
   191 | D        | Noticed a wretched soul
   191 | D        | Noticed a meat berserker
   191 | D        | Noticed an observer
   191 | D        | Noticed an accursed
   191 | D        | Noticed a fleshlord
   192 | D        | Noticed a destroyer
   192 | D        | Killed a sculptor of flesh
   192 | D        | Killed a fleshlord
   192 | D        | Noticed a meat beast
   192 | D        | Noticed a bag of meat
   193 | D        | Noticed a fleshlord
   193 | D        | Noticed a fleshlord
   193 | D        | Noticed a fleshlord
   193 | D        | Noticed a tyrant
   193 | D        | Killed a meat berserker
   193 | D        | Killed a meat berserker
   194 | D        | Noticed a bag of meat
   194 | D        | Noticed a bag of meat
   194 | D        | Noticed an observer
   194 | D        | Killed an observer
   195 | D        | Noticed a wretched soul
   195 | D        | Killed a meat beast
   195 | D        | Killed a large bag of meat
   195 | D        | Killed an observer
   195 | D        | Killed an observer
   196 | D        | Noticed a bag of meat
   196 | D        | Noticed a fleshlord
   196 | D        | Noticed a wretched soul
   197 | D        | Noticed a bag of meat
   197 | D        | Killed a destroyer
   198 | D        | Noticed a large bag of meat
   198 | D        | Killed a wretched soul
   198 | D        | Killed a fleshlord
   198 | D        | Killed a fleshlord
   198 | D        | Annihilated by a fleshlord

Vault maps used:
D:        meatsprint

Action                   |  1- 3 |  4- 6 |  7- 9 | 10-12 | 13-15 | 16-18 | 19-21 | 22-24 | 25-27 || total
-------------------------+-------+-------+-------+-------+-------+-------+-------+-------+-------++-------
Melee: Executioner's axe |     1 |       |       |     1 |     2 |     4 |     6 |     6 |   106 ||   126
 Cast: Apportation       |       |       |       |       |       |       |       |       |     2 ||     2
